 Dungeon Crawl Stone Soup version 0.16-a0-3325-g64f94fb (webtiles) character file.

114 Kemay the Chiller (level 4, -3/27 HPs)
             Began as an Octopode Ice Elementalist on Dec 27, 2014.
             Slain by an orc
             ... wielding a +2 vampiric hand axe
              (11 damage)
             ... on level 3 of the Dungeon.
             The game lasted 00:10:01 (2488 turns).

Kemay the Chiller (Octopode Ice Elementalist)       Turns: 2488, Time: 00:10:01

Health: -3/27      AC:  1    Str:  8    XL:     4   Next: 98%
Magic:  1/9        EV: 12    Int: 17    God:
Gold:   104        SH:  0    Dex: 12    Spells: 3 memorised, 2 levels left

rFire  . . .     SeeInvis .     (no weapon)
rCold  . . .     Clarity  .     (no shield)
rNeg   . . .     SustAb   .     (helmet restricted)
rPois  .         Gourm    .     (no amulet)
rElec  .         Spirit   .     (no ring)
rCorr  .         Warding  .     (no ring)
rMut   .         Stasis   .     (no ring)
MR     .....                    (no ring)
Stlth  +++.......               (no ring)
                                (no ring)
                                (no ring)
                                (no ring)

@: not resistant to hostile enchantments, fairly stealthy
A: almost no armour, amphibious, 8 rings, constrict 8, camouflage 1, gelatinous
body 1
a: no special abilities


You were on level 3 of the Dungeon.
You were not hungry.

You visited 1 branch of the dungeon, and saw 3 of its levels.

You collected 104 gold pieces.

Inventory:

Missiles
 h - 23 poisoned needles
 j - 7 tomahawks of dispersal (quivered)
Scrolls
 a - 3 scrolls of remove curse
 d - a scroll of magic mapping
Potions
 f - a potion of might
 l - 2 potions of resistance
Books
 b - a book of Frost

   Spells                             Type                      Level
   a - Freeze                         Ice                          1
   b - Throw Frost                    Conjuration/Ice              2
   c - Ozocubu's Armour               Charms/Ice                   3
   d - Throw Icicle                   Conjuration/Ice              4
   e - Summon Ice Beast               Ice/Summoning                4
   f - Condensation Shield            Ice                          4
Comestibles
 c - 2 bread rations
 g - a meat ration
 i - a slice of pizza
 k - 2 chunks of flesh
 m - a fruit


   Skills:
 + Level 2.0 Dodging
 - Level 3.0 Stealth
 - Level 3.1 Spellcasting
 - Level 1.0 Conjurations
 + Level 4.6 Ice Magic


You had 2 spell levels left.
You knew the following spells:

 Your Spells              Type           Power        Failure   Level  Hunger
a - Freeze                Ice            ###.         2%          1    None
b - Throw Frost           Conj/Ice       ##....       10%         2    ##.....
c - Condensation Shield   Ice            ###.......   30%         4    ####...


Dungeon Overview and Level Annotations

Branches:
Dungeon (3/15)

Altars:
Fedhas
The Shining One


Innate Abilities, Weirdness & Mutations

You cannot wear most types of armour.
You are amphibious.
You can wear up to eight rings at the same time.
You can use your tentacles to constrict many enemies at once.
Your skin changes colour to match your surroundings (Stealth).
Your rubbery body absorbs attacks (AC +1).


Message History

The orc hits you with a vampiric hand axe.
The orc draws strength from your injuries!
You barely miss the orc. Your grab misses the orc. You squeeze the orc.
The orc is severely wounded.
The orc hits you but does no damage.
You tentacle-slap the orc. Your grab misses the orc.
The orc is severely wounded.
The orc closely misses you. The orc misses you.
You barely miss the orc. You grab the orc.
You squeeze the orc, but do no damage.
The orc is severely wounded.
You constrict the orc.
The orc hits you with a vampiric hand axe!
* * * LOW HITPOINT WARNING * * *
The orc draws strength from your injuries!
You tentacle-slap the orc.
The orc is severely wounded.
You constrict the orc.
The orc hits you with a vampiric hand axe!
You die...

#.#รท# #[#.# #.#.#
#.#.# #5#.# #.#.###
#.>...#
....#############.#.#
...........o@.# #.#.#
###..########.# #.#.#
#...# #.# #.#.#
#.###...# #.# #.#.#
...[..#.## #.# #.#.#
#.....<..######.#
#.#.#
........)...)....#
#.#.#
###.###..######## #)#
#..####### #.#


You could see an orc (berserk).

Vanquished Creatures
  Natasha (twice) (D:3)
  3 adders
  3 worms
  A giant gecko (D:2)
  3 goblins
  5 hobgoblins
  8 kobolds
  A quokka (D:2)
  3 bats
  2 giant newts (D:1)
  4 jackals
  6 rats
41 creatures vanquished.

Notes
Turn   | Place    | Note
--------------------------------------------------------------
     0 | D:1      | Kemay, the Octopode Ice Elementalist, began the quest for the Orb.
     0 | D:1      | Reached XP level 1. HP: 11/11 MP: 3/3
   380 | D:1      | Reached XP level 2. HP: 17/17 MP: 1/4
   575 | D:1      | Learned a level 2 spell: Throw Frost
   857 | D:2      | Reached XP level 3. HP: 16/21 MP: 0/6
  1175 | D:2      | Reached skill level 4 in Ice Magic
  1750 | D:2      | Found a glowing golden altar of the Shining One.
  1779 | D:2      | Reached XP level 4. HP: 27/27 MP: 4/8
  1818 | D:2      | Found a blossoming altar of Fedhas.
  2025 | D:3      | Learned a level 4 spell: Condensation Shield
  2203 | D:3      | Noticed Natasha
  2209 | D:3      | Killed Natasha
  2222 | D:3      | Noticed Natasha
  2246 | D:3      | Killed Natasha
  2488 | D:3      | Slain by an orc

Action                   |  1- 3 |  4- 6 || total
-------------------------+-------+-------++-------
Melee: Unarmed           |    34 |    10 ||    44
 Cast: Freeze            |    19 |    11 ||    30
       Throw Frost       |    18 |    17 ||    35
  Use: Scroll            |     7 |     1 ||     8
       Potion            |     1 |     1 ||     2
 Stab: Sleeping          |     2 |       ||     2
  Eat: Chunk             |     4 |     3 ||     7
